 Dungeon Crawl Stone Soup version 0.31.0-11-ge490571c62 (webtiles) character file.

Game seed: 2081273842724664919

18836 CougarLife the Grappler (level 12, -8/123 HPs)
             Began as a Troll Fighter on Feb 4, 2024.
             Was a High Priest of Uskayaw.
             Mangled by a two-headed ogre
             ... wielding a +0 giant club
              (20 damage)
             ... on level 11 of the Dungeon.
             The game lasted 00:27:50 (10866 turns).

CougarLife the Grappler (Troll Fighter)            Turns: 10866, Time: 00:27:50

Health: -8/123     AC: 14    Str: 29    XL:     12   Next: 31%
Magic:  17/17      EV:  9    Int:  6    God:    Uskayaw [*****.]
Gold:   739        SH:  9    Dex: 15    Spells: 11/11 levels left

rFire   . .          .
                       - Unarmed
rCold   . . .        b - +0 kite shield
rNeg    . . .        u - +2 robe {Will+}
rPois   .            N - +2 hat {Stlth+}
rElec   .            B - +1 cloak
rCorr   .            (gloves unavailable)
SInv    .            (boots unavailable)
Will    +....        (no amulet)
Stlth   ++           y - +4 ring of protection
HPRegen 1.20/turn    K - +6 ring of dexterity
MPRegen 0.15/turn

%: no passive effects
@: no status effects
A: large, unfitting armour, claws 3, regeneration 1, shaggy fur 1, tough skin 1
a: Renounce Religion, Stomp, Line Pass, Grand Finale


You were on level 11 of the Dungeon.
You worshipped Uskayaw.
Uskayaw was aware of your devotion.
You visited 2 branches of the dungeon, and saw 12 of its levels.
You also visited: Ossuary.

You collected 739 gold pieces.

Inventory:

Missiles
 q - 13 poisoned darts (quivered)
 G - 3 javelins
 H - 3 boomerangs
 I - a curare-tipped dart
Armour
 b - a +0 kite shield (worn)
 u - a +2 robe of willpower (worn)
 B - a +1 cloak (worn)
 N - a +2 hat of stealth (worn)
Jewellery
 y - a +4 ring of protection (left claw)
 K - a +6 ring of dexterity (right claw)
 P - a +6 ring of dexterity
Wands
 h - a wand of polymorph (13)
 D - a wand of flame (26)
 J - a wand of charming (6)
 O - a wand of mindburst (8)
Scrolls
 a - 4 scrolls of teleportation
 d - a scroll of fog
 e - 3 scrolls of vulnerability
 i - a scroll of enchant armour
 l - a scroll of blinking
 p - a scroll of enchant weapon
 s - a scroll of acquirement
 t - 2 scrolls of noise
 v - 2 scrolls of amnesia
 w - a scroll of silence
 C - 2 scrolls of poison
 E - a scroll of summoning
 M - a scroll of immolation {unknown}
Potions
 c - 2 potions of haste {unknown}
 f - a potion of enlightenment {unknown}
 g - 3 potions of attraction {unknown}
 j - 2 potions of lignification {unknown}
 k - 3 potions of heal wounds {unknown}
 m - a potion of resistance {unknown}
 n - 3 potions of invisibility
 o - 4 potions of cancellation {unknown}
 r - 6 potions of curing {unknown}
 x - 4 potions of brilliance {unknown}
 z - 2 potions of mutation {unknown}
 A - a potion of degeneration {unknown}
 L - a potion of magic {unknown}
Miscellaneous
 F - a phantom mirror


   Skills:
 + Level 9.0 Fighting
 - Level 5.6 Armour
 - Level 3.0 Dodging
 - Level 2.6 Shields
 - Level 13.0 Unarmed Combat
 - Level 9.3 Invocations


You had 11 spell levels left.
You didn't know any spells.
Your spell library contained the following spells:

 Spells                   Type           Power      Damage    Failure   Level
 Summon Small Mammal      Summ           0%         N/A       69%         1
 Cigotuvi's Dreadful Rot  Necr/Alch/Air  0%         N/A       83%         2
 Ensorcelled Hibernation  Hex/Ice        0%         N/A       83%         2
 Call Canine Familiar     Summ           0%         N/A       96%         3
 Fugue of the Fallen      Necr           0%         N/A       96%         3
 Anguish                  Hex/Necr       0%         N/A       100%        4
 Ignite Poison            Fire/Alch      0%         N/A       100%        4
 Summon Blazeheart Golem  Fire/Summ      0%         N/A       100%        4
 Freezing Cloud           Conj/Ice/Air   0%         6-21      100%        5


Dungeon Overview and Level Annotations

Branches:
Dungeon (11/15)            Temple (1/1) D:6            Lair (0/5) D:9
Ossuary (visited)
    Orc: D:9-12

Altars:
Ashenzari
Cheibriados
Dithmenos
Elyvilon
Fedhas
Gozag
Hepliaklqana
Kikubaaqudgha
Makhleb
Nemelex Xobeh
Okawaru
Qazlal
Ru
Sif Muna
Trog
Uskayaw
Vehumet
Wu Jian
Xom
Yredelemnul
Zin
The Shining One

Shops:
D:6 =   D:8 :

Annotations:
D:4 2 runed translucent doors, howech's ghost, amateur OpSh
D:9 3 runed translucent doors, mdonais's ghost, journeyman DgSh


Innate Abilities, Weirdness & Mutations

You are too large for most types of armour.
You have claws for hands.
Your natural rate of healing is unusually fast.
You are covered in fur. (AC +1)
You have tough skin. (AC +1)


Message History

You feel sick.
Your life force feels restored.
Your Fighting skill increases to level 9!
Unknown command.
You feel sick.
Things that are here:
a +0 dagger; a +0 robe You feel sick.
You block the hell hound's attack. x2
You feel sick.
You are no longer poisoned.
The two-headed ogre hits you with a +0 giant club!!
The two-headed ogre barely misses you.
The hell hound bites you but does no damage.
You claw the two-headed ogre!
The two-headed ogre is moderately wounded.
The hell hound closely misses you. You block the two-headed ogre's attack.
The two-headed ogre hits you with a +0 giant spiked club!
You can now merge with and destroy a victim.
The gnoll sergeant shouts!
You scratch the two-headed ogre.
The two-headed ogre is moderately wounded.
The hell hound bites you but does no damage.
The hell hound bites you.
You scratch the hell hound but do no damage.
The hell hound bites you but does no damage.
You block the two-headed ogre's attack. The two-headed ogre closely misses you.
You mangle the hell hound!!
The hell hound is severely wounded.
The hell hound barely misses you. You block the hell hound's attack.
You miss the hell hound.
The hell hound is severely wounded.
The two-headed ogre hits you with a +0 giant club!!
* * * LOW HITPOINT WARNING * * *
The two-headed ogre hits you with a +0 giant spiked club!!
* * * LOW HITPOINT WARNING * * *
The hell hound closely misses you.
You mangle the hell hound!!
You kill the hell hound!
The two-headed ogre hits you with a +0 giant club!!
You die...

....# #............... #...#
........########'####... #.#.#
........########....#... '...#
#.##..#.#.##...#.##.#... #...#
#.##..#.#.##...#....# #.#.#
#.......#.##...'....# ## #...#
#.......#.##...######... #...#
#......O#.##............
#.#.######)##..#@#)#######..#####
............))..)..............†)
~≈≈~~~~~~~~≈~~~~g...~~≈~~)~~~~~~~
≈≈≈≈~≈≈≈≈≈≈≈≈≈≈~....~≈≈≈≈≈≈≈≈≈≈≈≈
####~~~~≈~~≈~~~~....~~~~≈≈≈4~≈~~#
...#............................#
...#############''''#############
##'# #....# # .o #....# .


You could see a two-headed ogre and a gnoll sergeant.

Vanquished Creatures
  Gastronok (D:11)
  4 two-headed ogres
  3 death yaks (D:9)
  Pikel (D:5)
  A manticore (D:11)
  Maurice (D:11)
  Joseph (D:7)
  A smoke demon (D:10)
  An unseen horror (D:10)
  Jeremiah (D:7)
  3 kobold demonologists
  7 trolls
  16 yaks
  A wraith (D:10)
  5 wargs (D:11)
  3 steam dragons (D:8)
  3 acid dragons
  A hell hound (D:11)
  2 ice beasts
  A sky beast (D:8)
  5 orc warriors
  A black bear (D:7)
  3 centaurs
  3 kobold brigands
  2 bullfrogs
  8 scorpions
  7 wights
  8 killer bees (D:9)
  9 howler monkeys
  4 electric eels (D:10)
  3 hounds
  A centaur zombie (Ossuary)
  4 bombardier beetles
  7 gnoll boudas
  10 orc priests
  6 jellies
  4 sleepcaps
  4 human zombies (Ossuary)
  2 scorpion zombies (Ossuary)
  8 iguanas
  11 orc wizards
  A hell rat (D:9)
  4 mummies
  14 gnolls
  10 adders
  4 river rats (D:9)
  3 shadow imps
  A white imp (D:7)
  6 ufetubi
  4 adder zombies (Ossuary)
  4 dart slugs
  5 ribbon worms
  38 orcs
  7 bats
  2 endoplasms
  2 giant cockroaches (D:1)
  2 gnoll zombies (Ossuary)
  3 goblins
  5 hobgoblins
  2 jackals (D:4)
  7 kobolds
  8 quokkas
  5 ball pythons
  A ball python zombie (Ossuary)
  3 frilled lizards
  5 jackal zombies (Ossuary)
  2 orc zombies (Ossuary)
  5 rats
320 creatures vanquished.

Notes
Turn   | Place    | Note
-------+----------+-------------------------------------------
     0 | D:1      | CougarLife the Troll Fighter began the quest for the Orb.
     0 | D:1      | Reached XP level 1. HP: 22/22 MP: 0/0
   146 | D:1      | Reached XP level 2. HP: 29/29 MP: 1/1
   407 | D:1      | Reached XP level 3. HP: 34/36 MP: 2/2
   849 | D:2      | Found a faded altar of an unknown god.
   914 | D:2      | Reached skill level 3 in Unarmed Combat
  1645 | D:3      | Reached skill level 4 in Unarmed Combat
  1645 | D:3      | Reached XP level 4. HP: 36/44 MP: 3/3
  2470 | D:4      | Found an opulent altar of Gozag.
  2526 | D:4      | Reached XP level 5. HP: 50/50 MP: 4/4
  2621 | D:4      | Reached skill level 5 in Unarmed Combat
  2730 | D:4      | Found a runed translucent door.
  2822 | D:4      | Noticed howech's ghost (amateur OpSh)
  2947 | D:4      | Found a runed translucent door.
  3107 | D:5      | Entered Level 5 of the Dungeon
  3107 | D:5      | Noticed Pikel
  3107 | D:5      | Noticed a lemure
  3107 | D:5      | Noticed a lemure
  3107 | D:5      | Noticed a lemure
  3107 | D:5      | Noticed a lemure
  3238 | D:5      | Reached skill level 6 in Unarmed Combat
  3238 | D:5      | Reached XP level 6. HP: 58/59 MP: 5/5
  3289 | D:5      | Killed Pikel
  3290 | D:5      | Reached skill level 8 in Unarmed Combat
  3290 | D:5      | Reached XP level 7. HP: 13/66 MP: 6/6
  3344 | D:5      | Identified a scroll of acquirement
  3438 | D:5      | Reached skill level 9 in Unarmed Combat
  3648 | D:5      | Reached XP level 8. HP: 71/74 MP: 7/7
  4058 | D:6      | Found Doitruets's Jewellery Shoppe.
  4103 | D:6      | Found a staircase to the Ecumenical Temple.
  4112 | Temple   | Entered the Ecumenical Temple
  4285 | D:6      | Reached skill level 5 in Fighting
  4471 | D:6      | Found a hide-covered altar of Uskayaw.
  4474 | D:6      | Noticed a +0 dagger
  4474 | D:6      | Noticed a +0 dagger
  4487 | D:6      | Became a worshipper of Uskayaw the Reveller
  4494 | D:6      | Found a sand-covered staircase.
  4498 | D:6      | Reached * piety under Uskayaw
  4502 | Ossuary  | Entered an ossuary
  4519 | Ossuary  | Reached ** piety under Uskayaw
  4543 | Ossuary  | Reached *** piety under Uskayaw
  4578 | Ossuary  | Reached skill level 1 in Invocations
  4588 | Ossuary  | Reached **** piety under Uskayaw
  4672 | Ossuary  | Reached XP level 9. HP: 86/89 MP: 8/10
  5020 | D:6      | Reached skill level 5 in Invocations
  5297 | D:7      | Noticed Joseph
  5313 | D:7      | Killed Joseph
  5537 | D:7      | Found a stormy altar of Qazlal.
  5566 | D:7      | Reached ***** piety under Uskayaw
  5868 | D:7      | Noticed Jeremiah
  5905 | D:7      | Killed Jeremiah
  6258 | D:8      | Found Josorphia's Book Emporium.
  6326 | D:8      | Noticed a troll
  6326 | D:8      | Noticed a troll
  6350 | D:8      | Killed a troll
  6351 | D:8      | Reached XP level 10. HP: 47/98 MP: 15/15
  6548 | D:8      | Reached skill level 1 in Armour
  6825 | D:8      | Found a bloodstained altar of Trog.
  6835 | D:8      | Found a hazy altar of Hepliaklqana.
  6835 | D:8      | Found a basalt altar of Yredelemnul.
  6836 | D:8      | Found an ancient bone altar of Kikubaaqudgha.
  7058 | D:9      | Reached skill level 5 in Armour
  7223 | D:9      | Found a shimmering altar of Xom.
  7338 | D:9      | Noticed a two-headed ogre
  7357 | D:9      | Killed a two-headed ogre
  7358 | D:9      | Reached XP level 11. HP: 104/105 MP: 16/16
  7364 | D:9      | Reached skill level 10 in Unarmed Combat
  7387 | D:9      | Found a glowing golden altar of the Shining One.
  7600 | D:9      | Noticed a death yak
  7618 | D:9      | Killed a death yak
  7678 | D:9      | Noticed a death yak
  7678 | D:9      | Noticed a death yak
  7696 | D:9      | Killed a death yak
  7704 | D:9      | Killed a death yak
  7705 | D:9      | Reached skill level 11 in Unarmed Combat
  7734 | D:9      | Found a staircase to the Lair.
  8080 | D:9      | Found a runed translucent gate.
  8080 | D:9      | Noticed mdonais's ghost (journeyman DgSh)
  8081 | D:9      | Found a runed translucent gate.
  8082 | D:9      | Found a runed translucent gate.
  8092 | D:9      | Noticed a two-headed ogre
  8099 | D:9      | Killed a two-headed ogre
  8391 | D:10     | Entered Level 10 of the Dungeon
  8508 | D:10     | Found a white marble altar of Elyvilon.
  8556 | D:10     | Found a burning altar of Makhleb.
  8566 | D:10     | Reached skill level 12 in Unarmed Combat
  8712 | D:10     | Found a shimmering blue altar of Sif Muna.
  9576 | D:11     | Noticed a two-headed ogre
  9587 | D:11     | Killed a two-headed ogre
  9588 | D:11     | Reached skill level 13 in Unarmed Combat
  9713 | D:11     | Noticed a two-headed ogre
  9721 | D:11     | Killed a two-headed ogre
  9958 | D:11     | Noticed Gastronok
  9975 | D:11     | Killed Gastronok
 10102 | D:11     | Reached XP level 12. HP: 112/118 MP: 17/17
 10199 | D:11     | Noticed Maurice
 10217 | D:11     | Maurice stole 3 javelins
 10218 | D:11     | Maurice stole 108 gold
 10238 | D:11     | Killed Maurice
 10839 | D:11     | Noticed a two-headed ogre
 10866 | D:11     | Mangled by a two-headed ogre

Illustrated notes

Levels and vault maps discovered:
D:1:      evilmike_arrival_plus, layout_loops_ring, minmay_quantized
D:2:      layout_basic, chequers_ecumenical_altar_simple_redux
D:3:      layout_basic, chequers_serial_rivers_large_a, minivault_14,
          minmay_tree_intersection
D:4:      layout_basic, grunt_gozag_statues, ebering_ghost_sewer_f
D:5:      layout_cave_pods, chequers_serial_rivers_room_b, uniq_pikel
D:6:      layout_gridville, dancing_weapons_uskayaw,
          minmay_temple_entry_antechambers, serial_shops,
          nicolae_take_the_stairs, gup_ossuary_entry_pyramid,
          chequers_serial_rivers_small_b
D:7:      layout_basic, mainiacjoe_overflow_tiny_flanked,
          hangedman_abyss_or_decor_lesser_grid, nicolae_letterblocks
          [nicolae_letter_subblock, nicolae_letter_subblock,
          nicolae_letter_subblock, nicolae_letter_subblock,
          nicolae_letter_subblock, nicolae_letter_subblock,
          nicolae_letter_subblock, nicolae_letter_subblock,
          nicolae_letter_subblock, nicolae_letter_subblock,
          nicolae_letter_subblock, nicolae_letter_subblock,
          nicolae_letter_subblock, nicolae_letter_subblock,
          nicolae_letter_subblock, nicolae_letter_subblock,
          nicolae_letter_subblock, nicolae_letter_subblock,
          nicolae_letter_subblock, nicolae_letter_subblock,
          nicolae_letter_subblock, nicolae_letter_subblock,
          nicolae_letter_subblock, nicolae_letter_subblock,
          nicolae_letter_subblock], uniq_joseph, uniq_jeremiah
D:8:      minmay_angry_zag, layout_loops_ring, minitemple, serial_shops,
          nicolae_stop_n_shop_2
D:9:      layout_small_grid, tso_metal_star,
          mainiacjoe_overflow_concentric_impassable, dpeg_lair_monsters,
          biasface_ghost_orc_armoury, st_stairs_10
D:10:     layout_roguey, demons_altar, nicolae_elyvilon_temple_path,
          mainiacjoe_overflow_paths, serial_bayou_lake_a
D:11:     lemuel_castle_with_subvaults [lemuel_castle_interior_carwin_2],
          layout_stronghold, uniq_maurice, uniq_gastronok
Temple:   eino_wide_crystal_templ

Skill      XL: |  1  2  3  4  5  6  7  8  9 10 11 12 |
---------------+-------------------------------------+-----
Dodging        | 3 |  3.0
Unarmed Combat | 4 6 8 9 13 | 13.0
Fighting       | 6 7 9 |  9.0
Invocations    | 3 8 9 |  9.3
Armour         | 5 |  5.6
Shields        | |  2.6

Action                     |  1- 3 |  4- 6 |  7- 9 | 10-12 || total
---------------------------+-------+-------+-------+-------++-------
  Melee: Unarmed           |    94 |    74 |   361 |   429 ||   958
  Throw: Dart              |       |       |       |    10 ||    10
    Use: Scroll            |       |       |    11 |     2 ||    13
         Potion            |       |       |     1 |     1 ||     2
   Stab: Sleeping          |     2 |       |     1 |       ||     3
         Paralysed         |       |       |    11 |    25 ||    36
 Armour: Robe              |    38 |    46 |   293 |   314 ||   691
  Dodge: Dodged            |    22 |    35 |   166 |   136 ||   359
  Block: Kite shield       |    23 |    35 |   176 |   144 ||   378
